[Event "4NCL Div 2 2024-25"]
[Site "England"]
[Date "2024.11.24"]
[Round "2.23"]
[White "Edwards-Wright, Miles D"]
[Black "Duggan, John E"]
[Result "0-1"]
[Annotator "NA RC"]
[ECO "C00"]
[WhiteElo "1970"]
[BlackElo "2028"]
[PlyCount "72"]
[EventDate "2024.11.23"]
[EventType "team-tourn"]
[EventCountry "ENG"]
[SourceTitle "playchess.com"]
[Source "ChessBase"]
[SourceQuality "1"]
[TimeControl "40/6000+30:3000+30"]

1. g3 Nf6 2. Bg2 d5 3. d3 e6 4. Nd2 c5 5. e4 Nc6 6. Ne2 Be7 7. O-O O-O 8. h3 Qc7 9. c3 Rd8 10. Qc2 dxe4 11. dxe4 Ne5 12. a4 c4 13. Nd4 a6 14. f4 Nd3 15. e5 Nd5 16. Ne4 Nxc1 17. Qxc1 Bd7 18. g4 b5 19. Ng3 bxa4 20. Bxd5 exd5 21. Qe3 Bc5 22. f5 Re8 23. Rae1 Qb6 24. f6 g6 25. Qh6 Bf8 26. Qg5 h6 27. Qf4 Kh7 28. h4 Bc5 29. g5 Qe6 30. h5 Rg8 31. Rf2 Bxd4 32. cxd4 gxh5 33. Rh2 Rxg5 34. Kf2 Qg4 35. Qxg4 Bxg4 36. Ra1 Rb8 0-1

[Event "4NCL Div 2 2024-25"]
[Site "England"]
[Date "2024.11.24"]
[Round "2.24"]
[White "Kilambi, Venkata Ananth Aksha"]
[Black "Jaufarally, Nadia"]
[Result "0-1"]
[Annotator "NA RC"]
[ECO "A28"]
[WhiteElo "1861"]
[BlackElo "1929"]
[PlyCount "154"]
[EventDate "2024.11.23"]
[EventType "team-tourn"]
[EventCountry "ENG"]
[SourceTitle "playchess.com"]
[Source "ChessBase"]
[SourceQuality "1"]
[TimeControl "40/6000+30:3000+30"]

1. c4 Nf6 2. Nc3 e5 3. Nf3 Nc6 4. e3 Bb4 5. Qc2 Bxc3 6. Qxc3 Qe7 7. d4 e4 8. Nd2 d5 9. b3 O-O 10. Be2 a5 11. Bb2 Rd8 12. a3 Bg4 13. Bxg4 Nxg4 14. h3 Qh4 15. Rf1 Nh6 16. O-O-O f5 17. Kb1 Nf7 18. cxd5 Rxd5 19. f3 Nd6 20. Nc4 Rd8 21. Ne5 Nb5 22. Qc4 Nxe5 23. dxe5 c6 24. a4 Nc7 25. Rd4 Ne6 26. fxe4 fxe4 27. Rxe4 Qg3 28. Qe2 Qg6 29. Qc2 Rd2 30. Qc4 R8d5 31. Ka1 Rc5 32. Rg4 Qe8 33. Qe4 Rcc2 34. Bd4 Qe7 35. Kb1 Nxd4 36. exd4 Ra2 37. Rxg7+ Qxg7 38. Qf5 Qg6 39. Qxg6+ hxg6 40. e6 Re2 41. e7 Rad2 42. Kc1 Ra2 43. Kb1 Kg7 44. e8=Q Rxe8 45. Kxa2 Re2+ 46. Ka3 Rxg2 47. Rd1 Rg5 48. Rd3 Rd5 49. b4 Kf6 50. bxa5 Rxa5 51. Kb4 Rg5 52. Kc4 Ke6 53. Re3+ Kd6 54. h4 Ra5 55. Kb4 Rh5 56. Re4 g5 57. hxg5 Rxg5 58. a5 Rb5+ 59. Ka4 Rb1 60. Rh4 Kd5 61. Rg4 Kc4 62. Ka3 Kc3 63. Ka2 Rb5 64. Rg3+ Kxd4 65. Ra3 c5 66. a6 bxa6 67. Rxa6 c4 68. Rd6+ Ke3 69. Rc6 Kd3 70. Rd6+ Kc2 71. Ka3 c3 72. Rc6 Rb3+ 73. Ka2 Rb8 74. Ka3 Ra8+ 75. Kb4 Kb2 76. Kc4 c2 77. Rb6+ Ka2 0-1

[Event "4NCL Div 2 2024-25"]
[Site "England"]
[Date "2024.11.24"]
[Round "2.25"]
[White "Macklin, Paul"]
[Black "Bisby, Daniel L"]
[Result "1/2-1/2"]
[Annotator "RC"]
[ECO "B50"]
[WhiteElo "2308"]
[BlackElo "2290"]
[PlyCount "25"]
[EventDate "2024.11.23"]
[EventType "team-tourn"]
[EventCountry "ENG"]
[SourceTitle "playchess.com"]
[Source "ChessBase"]
[SourceQuality "1"]
[TimeControl "40/6000+30:3000+30"]

1. e4 c5 2. Nf3 d6 3. Bc4 Nf6 4. d3 e6 5. O-O Be7 6. Bb3 O-O 7. c3 b5 8. Re1 Bb7 9. Bc2 Nc6 10. Nbd2 Qc7 11. Nf1 Ne5 12. Bf4 Ng6 13. Bd2 1/2-1/2

[Event "4NCL Div 2 2024-25"]
[Site "England"]
[Date "2024.11.24"]
[Round "2.26"]
[White "Manmay Chopra"]
[Black "Ashton, Adam G"]
[Result "1/2-1/2"]
[Annotator "RC"]
[ECO "C47"]
[WhiteElo "2217"]
[BlackElo "2285"]
[PlyCount "33"]
[EventDate "2024.11.23"]
[EventType "team-tourn"]
[EventCountry "ENG"]
[SourceTitle "playchess.com"]
[Source "ChessBase"]
[SourceQuality "1"]
[TimeControl "40/6000+30:3000+30"]

1. e4 e5 2. Nf3 Nc6 3. Nc3 Nf6 4. d4 exd4 5. Nxd4 Bb4 6. Nxc6 bxc6 7. Bd3 d5 8. exd5 cxd5 9. O-O O-O 10. h3 Re8 11. Qf3 c6 12. Bf4 Qe7 13. Na4 Bd7 14. a3 Bd6 15. b4 Bxf4 16. Qxf4 Qe5 17. Qxe5 1/2-1/2

[Event "4NCL Div 2 2024-25"]
[Site "England"]
[Date "2024.11.24"]
[Round "2.27"]
[White "Navaratnam, Rohan Shan Tze"]
[Black "Sivanandan, Bodhana"]
[Result "1-0"]
[Annotator "RC"]
[ECO "D12"]
[WhiteElo "2306"]
[BlackElo "2082"]
[PlyCount "109"]
[EventDate "2024.11.23"]
[EventType "team-tourn"]
[EventCountry "ENG"]
[SourceTitle "playchess.com"]
[Source "ChessBase"]
[SourceQuality "1"]
[TimeControl "40/6000+30:3000+30"]

1. Nf3 d5 2. d4 Nf6 3. c4 c6 4. e3 Bf5 5. cxd5 cxd5 6. Qb3 Qb6 7. Qxb6 axb6 8. Bb5+ Nc6 9. Nc3 Bd7 10. Bd2 Nb8 11. Ne5 e6 12. Nxd7 Nfxd7 13. Na4 Nc6 14. Rc1 Rc8 15. O-O Bd6 16. Rc2 Ke7 17. Rfc1 Na7 18. Bxd7 Rxc2 19. Rxc2 Kxd7 20. Nxb6+ Ke7 21. f3 f5 22. Kf2 h6 23. b4 g5 24. a4 Kd8 25. b5 Ke7 26. h3 Rf8 27. Ke2 Rg8 28. Be1 h5 29. Kd3 Rf8 30. Rc1 Rg8 31. Rc2 Rf8 32. Bd2 Rg8 33. e4 dxe4+ 34. fxe4 fxe4+ 35. Kxe4 Kd8 36. Ba5 Ke7 37. Bd2 Kd8 38. Be3 Rg7 39. g4 hxg4 40. hxg4 Rg8 41. Rc1 Rg7 42. Rh1 Rg8 43. Rh7 Be7 44. d5 exd5+ 45. Kxd5 Ke8 46. Bc5 Bxc5 47. Kxc5 Kd8 48. Rd7+ Ke8 49. Rxb7 Nxb5 50. Kxb5 Rg6 51. a5 Rf6 52. a6 Rf1 53. a7 Rb1+ 54. Ka5 Ra1+ 55. Na4 1-0

[Event "4NCL Div 2 2024-25"]
[Site "England"]
[Date "2024.11.24"]
[Round "2.28"]
[White "Hill, Alistair"]
[Black "Longson, Alexander"]
[Result "1/2-1/2"]
[Annotator "RC"]
[ECO "A13"]
[WhiteElo "2076"]
[BlackElo "2250"]
[PlyCount "38"]
[EventDate "2024.11.23"]
[EventType "team-tourn"]
[EventCountry "ENG"]
[SourceTitle "playchess.com"]
[Source "ChessBase"]
[SourceQuality "1"]
[TimeControl "40/6000+30:3000+30"]

1. c4 e6 2. g3 d5 3. Bg2 Nf6 4. Nf3 dxc4 5. O-O a6 6. Qc2 c5 7. Qxc4 b5 8. Qc2 Bb7 9. b3 Nc6 10. Bb2 Be7 11. Rd1 Rc8 12. d3 Nd4 13. Bxd4 cxd4 14. Qb2 Bxf3 15. Bxf3 Qb6 16. Nd2 Bb4 17. Rac1 Kd7 18. Nb1 Rxc1 19. Rxc1 Rc8 1/2-1/2

[Event "4NCL Div 2 2024-25"]
[Site "England"]
[Date "2024.11.24"]
[Round "2.29"]
[White "Jackson, Edward"]
[Black "Starley, Robert"]
[Result "1/2-1/2"]
[Annotator "RC"]
[ECO "E11"]
[WhiteElo "2132"]
[BlackElo "2036"]
[PlyCount "77"]
[EventDate "2024.11.23"]
[EventType "team-tourn"]
[EventCountry "ENG"]
[SourceTitle "playchess.com"]
[Source "ChessBase"]
[SourceQuality "1"]
[TimeControl "40/6000+30:3000+30"]

1. d4 Nf6 2. c4 e6 3. Nf3 Bb4+ 4. Bd2 a5 5. g3 O-O 6. Bg2 Ne4 7. a3 Bxd2+ 8. Nbxd2 f5 9. Qc2 Nxd2 10. Nxd2 d6 11. O-O a4 12. f4 Nd7 13. e4 fxe4 14. Nxe4 Nf6 15. Nc3 Ng4 16. Rae1 e5 17. Bd5+ Kh8 18. dxe5 dxe5 19. h3 Nh6 20. fxe5 Rxf1+ 21. Rxf1 Bxh3 22. Bg2 Bxg2 23. Kxg2 Qg5 24. Qe4 Ng4 25. Rf4 Nxe5 26. Rf5 Qd2+ 27. Rf2 Qd6 28. Qxb7 Rf8 29. Rxf8+ Qxf8 30. Qe4 Nf7 31. Qf4 h6 32. Qxc7 Ng5 33. Qf4 Qc8 34. g4 Qb7+ 35. Kg3 Qxb2 36. Qf8+ Kh7 37. Qf5+ Kh8 38. Qf8+ Kh7 39. Qf5+ 1/2-1/2

[Event "4NCL Div 2 2024-25"]
[Site "England"]
[Date "2024.11.24"]
[Round "2.30"]
[White "Goh, Jinghan Cameron"]
[Black "Smith, Alan A"]
[Result "1-0"]
[Annotator "RC"]
[ECO "A40"]
[WhiteElo "2017"]
[BlackElo "2227"]
[PlyCount "49"]
[EventDate "2024.11.23"]
[EventType "team-tourn"]
[EventCountry "ENG"]
[SourceTitle "playchess.com"]
[Source "ChessBase"]
[SourceQuality "1"]
[TimeControl "40/6000+30:3000+30"]

1. d4 e6 2. c4 b6 3. Nc3 Bb4 4. e4 Bb7 5. f3 f5 6. exf5 Nh6 7. fxe6 O-O 8. Be3 Nf5 9. Qd2 Nxe3 10. Qxe3 Re8 11. O-O-O Rxe6 12. Qd2 Qe8 13. Bd3 Re3 14. Be4 Rxc3+ 15. bxc3 Ba3+ 16. Kb1 d5 17. Bxd5+ Bxd5 18. cxd5 a5 19. Qe2 Qf8 20. Nh3 Na6 21. Rhe1 Nb4 22. Qe6+ Kh8 23. Ng5 Rc8 24. Nf7+ Kg8 25. Nd6+ 1-0

[Event "4NCL Div 2 2024-25"]
[Site "England"]
[Date "2024.11.24"]
[Round "2.31"]
[White "McLean, Robert"]
[Black "Chan, Nevil"]
[Result "1/2-1/2"]
[Annotator "NA RC"]
[ECO "B00"]
[WhiteElo "2011"]
[BlackElo "2011"]
[PlyCount "27"]
[EventDate "2024.11.23"]
[EventType "team-tourn"]
[EventCountry "ENG"]
[SourceTitle "playchess.com"]
[Source "ChessBase"]
[SourceQuality "1"]
[TimeControl "40/6000+30:3000+30"]

1. e4 Nc6 2. Nc3 Nf6 3. Nf3 d6 4. d4 Bg4 5. d5 Nb8 6. h3 Bxf3 7. Qxf3 g6 8. g3 Bg7 9. Bg2 O-O 10. O-O c5 11. Qd3 Na6 12. Be3 Nc7 13. a4 b6 14. f4 1/2-1/2

[Event "4NCL Div 2 2024-25"]
[Site "England"]
[Date "2024.11.24"]
[Round "2.32"]
[White "Alldritt, Nigel R E"]
[Black "Longson, Sarah N"]
[Result "1/2-1/2"]
[Annotator "NA RC"]
[ECO "D30"]
[WhiteElo "1898"]
[BlackElo "1929"]
[PlyCount "119"]
[EventDate "2024.11.23"]
[EventType "team-tourn"]
[EventCountry "ENG"]
[SourceTitle "playchess.com"]
[Source "ChessBase"]
[SourceQuality "1"]
[TimeControl "40/6000+30:3000+30"]

1. d4 d5 2. c4 c6 3. Nf3 Nf6 4. e3 e6 5. b3 Ne4 6. Nbd2 Nd7 7. Bb2 f5 8. Be2 Bd6 9. O-O Qf6 10. Qc2 O-O 11. g3 g5 12. Nxe4 fxe4 13. Nd2 Qh6 14. f3 exf3 15. Bxf3 Nf6 16. Rae1 g4 17. Bg2 Bd7 18. e4 Bb4 19. Bc3 Bxc3 20. Qxc3 Be8 21. Qe3 Qxe3+ 22. Rxe3 Bg6 23. cxd5 cxd5 24. exd5 exd5 25. Re7 Rab8 26. Rc1 Rf7 27. Rxf7 Kxf7 28. Nf1 Re8 29. Rc7+ Re7 30. Rxe7+ Kxe7 31. Ne3 Kd6 32. Kf2 h5 33. Ke1 Ne4 34. Bxe4 dxe4 35. Ng2 Bf7 36. Kd2 a5 37. Nf4 b6 38. Ke3 a4 39. bxa4 Bxa2 40. Nxh5 Bb3 41. Nf6 Bxa4 42. Nxe4+ Ke7 43. Nc3 Bb3 44. Kf4 Be6 45. Ke5 Kf7 46. d5 Bd7 47. Kd6 Be8 48. Kc7 b5 49. d6 Ke6 50. Ne4 b4 51. Nc5+ Kd5 52. d7 Bxd7 53. Nxd7 b3 54. Nb6+ Ke4 55. Nc4 Kf3 56. Nd2+ Kg2 57. Nxb3 Kxh2 58. Kd6 Kxg3 59. Nd4 Kf4 60. Kd5 1/2-1/2

[Event "4NCL Div 2 2024-25"]
[Site "England"]
[Date "2024.11.24"]
[Round "2.33"]
[White "Korshunov, Sergey And."]
[Black "Starosta, Martyna"]
[Result "1-0"]
[Annotator "TA"]
[ECO "D02"]
[WhiteElo "2330"]
[BlackElo "2309"]
[PlyCount "79"]
[EventDate "2024.11.23"]
[EventType "team-tourn"]
[EventCountry "ENG"]
[SourceTitle "playchess.com"]
[Source "ChessBase"]
[SourceQuality "1"]
[TimeControl "40/6000+30:3000+30"]

1. d4 d5 2. Nf3 Nf6 3. g3 c5 4. Bg2 h5 5. O-O cxd4 6. Nxd4 h4 {[%emt 0:03:30] [#]} 7. c4 $1 hxg3 8. hxg3 Bh3 9. Qa4+ Nbd7 10. Bxh3 Rxh3 11. cxd5 Nxd5 12. Nc3 N5b6 (12... Nxc3 $11 13. bxc3 Rh5) 13. Qc2 {[%emt 0:01:20] White is more active.} (13. Qb3 $14 Qc8 14. Bg5) 13... e5 $2 (13... Rh5 $11 {and Black is okay.}) 14. Nf3 $2 (14. Ne6 $1 $18 fxe6 15. Qg6+ Ke7 16. Ne4) 14... Bc5 (14... Rh5 $1 $14) 15. Kg2 ({Better is} 15. Ne4 $18) 15... Rh5 $16 16. a4 Qe7 17. Bd2 Rc8 (17... O-O-O $142) 18. Rh1 Rxh1 19. Rxh1 Qe6 20. Qe4 Nc4 {[%emt 0:09:30] [#]} (20... Bf8 $142) 21. Bc1 $1 (21. Qxb7 Qc6 22. Qxc6 Rxc6 $16) 21... Nd6 (21... Bf8 $16) 22. Rh8+ $18 Nf8 {[%emt 0:00:06] [#]} 23. Qh7 $1 $36 {[%emt 0:04:16][%mdl 2048] White is on the roll.} (23. Qxe5 Qxe5 24. Nxe5 Rd8) 23... Nf5 (23... e4 $142) 24. e4 Ne7 $2 (24... Nd4 {is a better chance.} 25. Qxg7 Nxf3) 25. Qxg7 Neg6 26. Rh5 (26. Ng5 $142 Qc4 27. Rg8) 26... Be7 27. Rf5 (27. Nxe5 Bf6 28. Qxf7+ Qxf7 29. Nxf7 Kxf7 $11) 27... Rc6 $2 (27... f6 {was worth a try.} 28. Be3 Qf7) 28. Ng5 (28. Nxe5 Bf6 29. Rxf6 Qxf6 30. Qxf6 (30. Nxc6 $2 {perishes.} Nh4+ 31. Kh3 Qxg7 $19) 30... Rxf6 $18) 28... Bxg5 29. Bxg5 Qc4 (29... f6 $142 30. Bxf6 (30. Rxf6 Qd7 $18) 30... Qd7) 30. Rf3 {[%emt 0:01:38] Threatens to win with Nd5.} Qe6 31. Nd5 Nd7 {[%emt 0:00:20] Wards off Rf6} 32. b3 Ngf8 33. Be7 Qg6 34. Bxf8 Nxf8 35. Qxe5+ Ne6 36. Rf6 Qg4 37. Rh6 Qe2 38. Rh8+ Kd7 39. Nf6+ Ke7 40. Re8# 1-0

[Event "4NCL Div 2 2024-25"]
[Site "England"]
[Date "2024.11.24"]
[Round "2.34"]
[White "Cooksey, Paul S"]
[Black "Menzies, Colin"]
[Result "1-0"]
[Annotator "RC"]
[ECO "B06"]
[WhiteElo "2234"]
[BlackElo "2199"]
[PlyCount "69"]
[EventDate "2024.11.23"]
[EventType "team-tourn"]
[EventCountry "ENG"]
[SourceTitle "playchess.com"]
[Source "ChessBase"]
[SourceQuality "1"]
[TimeControl "40/6000+30:3000+30"]

1. d4 g6 2. Nf3 Bg7 3. e4 d6 4. Nc3 Nc6 5. d5 Ne5 6. Nxe5 Bxe5 7. Be3 e6 8. Bd4 Bxd4 9. Qxd4 e5 10. Qd2 Nf6 11. Be2 a6 12. a4 Bd7 13. a5 c5 14. O-O O-O 15. Rfe1 Ne8 16. Bf1 Nc7 17. Nd1 f5 18. exf5 gxf5 19. f4 e4 20. Ra3 Nb5 21. Bxb5 axb5 22. b4 Qf6 23. Rg3+ Kh8 24. c3 Rg8 25. Rxg8+ Rxg8 26. Ne3 Rc8 27. Rb1 cxb4 28. cxb4 Rc3 29. Re1 Kg8 30. h3 Kf7 31. Kh2 Ke7 32. Qf2 Rb3 33. Qg3 Qc3 34. Qg5+ Kf7 35. Nxf5 1-0

[Event "4NCL Div 2 2024-25"]
[Site "England"]
[Date "2024.11.24"]
[Round "2.35"]
[White "Verbytski, Oleg"]
[Black "Kacprzak, Kacper"]
[Result "0-1"]
[Annotator "RC"]
[ECO "B81"]
[WhiteElo "1968"]
[BlackElo "2291"]
[PlyCount "68"]
[EventDate "2024.11.23"]
[EventType "team-tourn"]
[EventCountry "ENG"]
[SourceTitle "playchess.com"]
[Source "ChessBase"]
[SourceQuality "1"]
[TimeControl "40/6000+30:3000+30"]

1. e4 c5 2. Nf3 d6 3. d4 cxd4 4. Nxd4 Nf6 5. Nc3 a6 6. Be3 e6 7. g4 h6 8. h4 Be7 9. f3 d5 10. exd5 Nxd5 11. Nxd5 Qxd5 12. Bd3 Nd7 13. Qe2 Nf6 14. Nb3 Qe5 15. O-O-O Nd5 16. Be4 Nxe3 17. Qxe3 Bd6 18. Qd3 Bc7 19. g5 hxg5 20. hxg5 Qxg5+ 21. Kb1 Rxh1 22. Rxh1 Ke7 23. Rd1 Qe5 24. a4 f5 25. Bxb7 Bxb7 26. Qd7+ Kf6 27. f4 Qxf4 28. Nc5 Bd5 29. Rg1 Rg8 30. Re1 Rd8 31. Rxe6+ Bxe6 32. Qxe6+ Kg5 33. Qe7+ Kg6 34. Nd3 Qd6 0-1

[Event "4NCL Div 2 2024-25"]
[Site "England"]
[Date "2024.11.24"]
[Round "2.36"]
[White "Webb, Richard M"]
[Black "Alizada, Eldar"]
[Result "1/2-1/2"]
[Annotator "RC"]
[ECO "D02"]
[WhiteElo "2172"]
[BlackElo "1998"]
[PlyCount "36"]
[EventDate "2024.11.23"]
[EventType "team-tourn"]
[EventCountry "ENG"]
[SourceTitle "playchess.com"]
[Source "ChessBase"]
[SourceQuality "1"]
[TimeControl "40/6000+30:3000+30"]

1. Nf3 d5 2. g3 Nf6 3. Bg2 e6 4. O-O Be7 5. b3 O-O 6. Bb2 c5 7. d4 Nc6 8. Nbd2 b5 9. dxc5 Bxc5 10. c4 bxc4 11. bxc4 Be7 12. Rc1 Bb7 13. cxd5 Nxd5 14. Nc4 Na5 15. Qd2 Nxc4 16. Rxc4 Rc8 17. Rxc8 Qxc8 18. Rc1 Qa8 1/2-1/2

[Event "4NCL Div 2 2024-25"]
[Site "England"]
[Date "2024.11.24"]
[Round "2.37"]
[White "Nicholas, Koichi B"]
[Black "Thompson, Ian D"]
[Result "0-1"]
[Annotator "NA RC"]
[ECO "C08"]
[WhiteElo "2089"]
[BlackElo "2010"]
[PlyCount "92"]
[EventDate "2024.11.23"]
[EventType "team-tourn"]
[EventCountry "ENG"]
[SourceTitle "playchess.com"]
[Source "ChessBase"]
[SourceQuality "1"]
[TimeControl "40/6000+30:3000+30"]

1. e4 e6 2. d4 d5 3. Nd2 c5 4. dxc5 Bxc5 5. Nb3 Bb6 6. exd5 exd5 7. Nf3 Nf6 8. Bb5+ Nc6 9. O-O O-O 10. Bg5 Bg4 11. h3 Bh5 12. c3 Qd6 13. Bxf6 gxf6 14. Be2 Ne5 15. Nbd4 Nxf3+ 16. Bxf3 Bxd4 17. cxd4 Bxf3 18. Qxf3 Rfe8 19. Rad1 Re4 20. Rd3 Rae8 21. Qh5 Qe6 22. Qh6 Kh8 23. Rf3 f5 24. Qh5 Rxd4 25. Rxf5 Re7 26. Rc1 Rc4 27. Rd1 Qe2 28. Rdxd5 Rc1+ 29. Kh2 Qxh5 30. Rxh5 Rc2 31. Rd8+ Kg7 32. Rg5+ Kf6 33. f4 Rxb2 34. Rh8 Re4 35. Rg4 Rxa2 36. Rxh7 b5 37. Rh6+ Ke7 38. Rh5 a6 39. Rf5 Re6 40. h4 b4 41. Rg3 Rb6 42. Re5+ Kf8 43. f5 b3 44. Ree3 Ra3 45. Re1 Ra4 46. h5 b2 0-1

[Event "4NCL Div 2 2024-25"]
[Site "England"]
[Date "2024.11.24"]
[Round "2.38"]
[White "Purdon, Colin"]
[Black "Wilks, Simon"]
[Result "1/2-1/2"]
[Annotator "NA RC"]
[ECO "E11"]
[WhiteElo "1957"]
[BlackElo "2078"]
[PlyCount "43"]
[EventDate "2024.11.23"]
[EventType "team-tourn"]
[EventCountry "ENG"]
[SourceTitle "playchess.com"]
[Source "ChessBase"]
[SourceQuality "1"]
[TimeControl "40/6000+30:3000+30"]

1. d4 Nf6 2. c4 e6 3. g3 Bb4+ 4. Nd2 O-O 5. Ngf3 d5 6. a3 Be7 7. Bg2 b6 8. O-O Bb7 9. Ne5 c5 10. dxc5 Bxc5 11. Nd3 Be7 12. b4 Qc8 13. Bb2 dxc4 14. Bxb7 Qxb7 15. Nxc4 Rd8 16. Qb3 Nc6 17. Nde5 Nd4 18. Bxd4 Rxd4 19. Rfd1 Rad8 20. Rxd4 Rxd4 21. Rd1 Rd5 22. Rxd5 1/2-1/2

[Event "4NCL Div 2 2024-25"]
[Site "England"]
[Date "2024.11.24"]
[Round "2.39"]
[White "Shepherd, Tom"]
[Black "Tart, Peter K"]
[Result "0-1"]
[Annotator "NA RC"]
[ECO "A96"]
[WhiteElo "1905"]
[BlackElo "1903"]
[PlyCount "84"]
[EventDate "2024.11.23"]
[EventType "team-tourn"]
[EventCountry "ENG"]
[SourceTitle "playchess.com"]
[Source "ChessBase"]
[SourceQuality "1"]
[TimeControl "40/6000+30:3000+30"]

1. d4 f5 2. g3 Nf6 3. Bg2 e6 4. Nf3 Be7 5. O-O O-O 6. c4 d6 7. b4 Ne4 8. Bb2 Bf6 9. Qb3 a5 10. b5 a4 11. Qb4 Nd7 12. Rd1 Qe8 13. Nc3 Nxc3 14. Qxc3 e5 15. dxe5 dxe5 16. e4 Nc5 17. Nxe5 a3 18. Bxa3 Bxe5 19. Qe3 Nxe4 20. Bxf8 Bxa1 21. Bxe4 Qxe4 22. Qxe4 fxe4 23. Rd8 Kf7 24. Bb4 b6 25. c5 Bf6 26. Rh8 bxc5 27. Bxc5 Bb7 28. Rxa8 Bxa8 29. a4 Ke6 30. b6 cxb6 31. Bxb6 Kd6 32. Kg2 Kc6 33. a5 Kb5 34. Kh3 Bc3 35. Kg4 Bxa5 36. Bd4 Bd2 37. Bxg7 Kc4 38. Kf5 Kd5 39. h4 Bc6 40. Bb2 Bd7+ 41. Kf6 h5 42. Kg6 Bg4 0-1

[Event "4NCL Div 2 2024-25"]
[Site "England"]
[Date "2024.11.24"]
[Round "2.40"]
[White "Shek, Daniel"]
[Black "Handley, Michael R"]
[Result "1-0"]
[Annotator "NA RC"]
[ECO "A28"]
[WhiteElo "1873"]
[BlackElo "1993"]
[PlyCount "79"]
[EventDate "2024.11.23"]
[EventType "team-tourn"]
[EventCountry "ENG"]
[SourceTitle "playchess.com"]
[Source "ChessBase"]
[SourceQuality "1"]
[TimeControl "40/6000+30:3000+30"]

1. c4 e5 2. Nc3 Nf6 3. Nf3 Nc6 4. e4 Bb4 5. d3 Bxc3+ 6. bxc3 d6 7. Be2 h6 8. Ba3 b6 9. Qc2 O-O 10. O-O Re8 11. Ne1 Ne7 12. d4 Nc6 13. d5 Na5 14. Bd3 Ba6 15. Qe2 c6 16. Nc2 cxd5 17. cxd5 Bxd3 18. Qxd3 Rc8 19. Ne3 Nb7 20. Rab1 Nc5 21. Bxc5 Rxc5 22. f3 g6 23. Rb3 Kg7 24. Nc2 Nd7 25. Nb4 Qc8 26. Nc6 Rxc6 27. dxc6 Nc5 28. Qd5 Nxb3 29. axb3 Qc7 30. Rd1 Rd8 31. b4 a6 32. c4 Kf8 33. b5 a5 34. Qd2 Kg7 35. f4 f6 36. fxe5 fxe5 37. Qd5 a4 38. Qe6 Qf7 39. Qxf7+ Kxf7 40. c5 1-0